Workbook

Sheet Лестница
A1: Цель | B1: Цена (USD) | C1: % от исходной позиции | D1: Продать монет | E1: Рост от входа | F1: Выручка | G1: Прибыль | H1: Остаток монет | I1: Выручка нарастающим | J1: Вложения отбиты? | K1: Факт: цена исполнения | L1: Факт: дата
A2: 1 | B2: 225 | C2: 20 | D2: =IF(OR(B2="",C2=""),"",'Позиция'!$B$3*C2/100) | E2: =IF(B2="","",B2/'Позиция'!$B$4-1) | F2: =IF(D2="","",D2*B2*(1-'Позиция'!$B$5/100)) | G2: =IF(F2="","",F2-D2*'Позиция'!$B$4) | H2: =IF(D2="","",'Позиция'!$B$3-SUM(D$2:D2)) | I2: =IF(F2="","",SUM(F$2:F2)) | J2: =IF(I2="","",IF(I2>='Позиция'!$B$6,"✔",""))
A3: 2 | B3: 300 | C3: 20 | D3: =IF(OR(B3="",C3=""),"",'Позиция'!$B$3*C3/100) | E3: =IF(B3="","",B3/'Позиция'!$B$4-1) | F3: =IF(D3="","",D3*B3*(1-'Позиция'!$B$5/100)) | G3: =IF(F3="","",F3-D3*'Позиция'!$B$4) | H3: =IF(D3="","",'Позиция'!$B$3-SUM(D$2:D3)) | I3: =IF(F3="","",SUM(F$2:F3)) | J3: =IF(I3="","",IF(I3>='Позиция'!$B$6,"✔",""))
A4: 3 | B4: 375 | C4: 20 | D4: =IF(OR(B4="",C4=""),"",'Позиция'!$B$3*C4/100) | E4: =IF(B4="","",B4/'Позиция'!$B$4-1) | F4: =IF(D4="","",D4*B4*(1-'Позиция'!$B$5/100)) | G4: =IF(F4="","",F4-D4*'Позиция'!$B$4) | H4: =IF(D4="","",'Позиция'!$B$3-SUM(D$2:D4)) | I4: =IF(F4="","",SUM(F$2:F4)) | J4: =IF(I4="","",IF(I4>='Позиция'!$B$6,"✔",""))
A5: 4 | B5: 450 | C5: 20 | D5: =IF(OR(B5="",C5=""),"",'Позиция'!$B$3*C5/100) | E5: =IF(B5="","",B5/'Позиция'!$B$4-1) | F5: =IF(D5="","",D5*B5*(1-'Позиция'!$B$5/100)) | G5: =IF(F5="","",F5-D5*'Позиция'!$B$4) | H5: =IF(D5="","",'Позиция'!$B$3-SUM(D$2:D5)) | I5: =IF(F5="","",SUM(F$2:F5)) | J5: =IF(I5="","",IF(I5>='Позиция'!$B$6,"✔",""))
A6: 5 | D6: =IF(OR(B6="",C6=""),"",'Позиция'!$B$3*C6/100) | E6: =IF(B6="","",B6/'Позиция'!$B$4-1) | F6: =IF(D6="","",D6*B6*(1-'Позиция'!$B$5/100)) | G6: =IF(F6="","",F6-D6*'Позиция'!$B$4) | H6: =IF(D6="","",'Позиция'!$B$3-SUM(D$2:D6)) | I6: =IF(F6="","",SUM(F$2:F6)) | J6: =IF(I6="","",IF(I6>='Позиция'!$B$6,"✔",""))
A7: 6 | D7: =IF(OR(B7="",C7=""),"",'Позиция'!$B$3*C7/100) | E7: =IF(B7="","",B7/'Позиция'!$B$4-1) | F7: =IF(D7="","",D7*B7*(1-'Позиция'!$B$5/100)) | G7: =IF(F7="","",F7-D7*'Позиция'!$B$4) | H7: =IF(D7="","",'Позиция'!$B$3-SUM(D$2:D7)) | I7: =IF(F7="","",SUM(F$2:F7)) | J7: =IF(I7="","",IF(I7>='Позиция'!$B$6,"✔",""))
A8: 7 | D8: =IF(OR(B8="",C8=""),"",'Позиция'!$B$3*C8/100) | E8: =IF(B8="","",B8/'Позиция'!$B$4-1) | F8: =IF(D8="","",D8*B8*(1-'Позиция'!$B$5/100)) | G8: =IF(F8="","",F8-D8*'Позиция'!$B$4) | H8: =IF(D8="","",'Позиция'!$B$3-SUM(D$2:D8)) | I8: =IF(F8="","",SUM(F$2:F8)) | J8: =IF(I8="","",IF(I8>='Позиция'!$B$6,"✔",""))
A9: 8 | D9: =IF(OR(B9="",C9=""),"",'Позиция'!$B$3*C9/100) | E9: =IF(B9="","",B9/'Позиция'!$B$4-1) | F9: =IF(D9="","",D9*B9*(1-'Позиция'!$B$5/100)) | G9: =IF(F9="","",F9-D9*'Позиция'!$B$4) | H9: =IF(D9="","",'Позиция'!$B$3-SUM(D$2:D9)) | I9: =IF(F9="","",SUM(F$2:F9)) | J9: =IF(I9="","",IF(I9>='Позиция'!$B$6,"✔",""))
A10: 9 | D10: =IF(OR(B10="",C10=""),"",'Позиция'!$B$3*C10/100) | E10: =IF(B10="","",B10/'Позиция'!$B$4-1) | F10: =IF(D10="","",D10*B10*(1-'Позиция'!$B$5/100)) | G10: =IF(F10="","",F10-D10*'Позиция'!$B$4) | H10: =IF(D10="","",'Позиция'!$B$3-SUM(D$2:D10)) | I10: =IF(F10="","",SUM(F$2:F10)) | J10: =IF(I10="","",IF(I10>='Позиция'!$B$6,"✔",""))
A11: 10 | D11: =IF(OR(B11="",C11=""),"",'Позиция'!$B$3*C11/100) | E11: =IF(B11="","",B11/'Позиция'!$B$4-1) | F11: =IF(D11="","",D11*B11*(1-'Позиция'!$B$5/100)) | G11: =IF(F11="","",F11-D11*'Позиция'!$B$4) | H11: =IF(D11="","",'Позиция'!$B$3-SUM(D$2:D11)) | I11: =IF(F11="","",SUM(F$2:F11)) | J11: =IF(I11="","",IF(I11>='Позиция'!$B$6,"✔",""))

Sheet Позиция
A1: Параметр | B1: Значение
A2: Монета | B2: SOL
A3: Размер позиции (монет) | B3: 50
A4: Средняя цена входа (USD) | B4: 150
A5: Комиссия при продаже (%) | B5: 0.5
A6: Вложено (USD) | B6: =B3*B4

Sheet Как пользоваться
A1: Как пользоваться
A2: Лист «Позиция»: монета, размер позиции, средняя цена входа и комиссия.
A3: Лист «Лестница»: цены целей и % от ИСХОДНОЙ позиции к продаже на каждой. Сумма процентов не должна превышать 100.
A4: Столбцы «Факт» — для реальных исполнений: так план и реальность видны рядом.
A5: Онлайн-калькулятор с генератором равномерной лестницы: https://kot.cash/ru/tools/take-profit-ladder-calculator
A6: Бесплатно, без регистрации. Не финансовая консультация.
